 Dungeon Crawl Stone Soup version 0.21.1-1-g345015f (webtiles) character file.

228 tester123 the Skirmisher (level 6, -8/56 HPs)
             Began as a Hill Orc Fighter on July 24, 2018.
             Killed by nerve-wracking pain
             ... invoked by Menkaure
              (12 damage)
             ... on level 4 of the Dungeon.
             The game lasted 00:23:15 (1993 turns).

tester123 the Skirmisher (Hill Orc Fighter)         Turns: 1993, Time: 00:23:16

Health: -8/56      AC:  9    Str: 21    XL:     6   Next: 2%
Magic:  6/6        EV:  8    Int:  8    God:
Gold:   60         SH:  9    Dex: 10    Spells: 5/5 levels left

rFire    . . .     SeeInvis .   a - +0 rapier
rCold    . . .     Gourm    .   c - +0 shield
rNeg     . . .     Faith    .   b - +0 scale mail
rPois    .         Spirit   .   (no helmet)
rElec    .         Reflect  .   e - +0 cloak
rCorr    .         Harm     .   (no gloves)
MR       .....                  k - +0 pair of boots
Stlth    ..........             (no amulet)
HPRegen  0.18/turn              (no ring)
MPRegen  0.10/turn              (no ring)

@: no status effects
A: no striking features
a: no special abilities


You were on level 4 of the Dungeon.
You were not hungry.

You visited 1 branch of the dungeon, and saw 5 of its levels.

You collected 60 gold pieces.

Inventory:

Hand Weapons
 a - a +0 rapier (weapon)
 l - a +0 glaive
 m - a +0 halberd
Armour
 b - a +0 scale mail (worn)
 c - a +0 shield (worn)
 e - a +0 cloak (worn)
 k - a +0 pair of boots (worn)
 q - a +1 scale mail of magic resistance
Scrolls
 f - 2 scrolls of amnesia {unknown}
 g - 2 scrolls of identify {unknown}
 i - a scroll of fog {unknown}
 n - a scroll of enchant weapon {unknown}
 o - 2 scrolls of teleportation {unknown}
Potions
 d - 3 potions of might
 j - a potion of ambrosia {unknown}
 r - a potion of heal wounds {unknown}
Comestibles
 h - 6 rations
 p - 3 chunks of flesh


   Skills:
 + Level 5.0 Fighting
 + Level 3.3 Short Blades
 + Level 3.9 Armour
 + Level 1.0 Dodging
 + Level 4.9 Shields


You had 5 spell levels left.
You didn't know any spells.

Dungeon Overview and Level Annotations

Branches:
Dungeon (5/15)
 Temple: D:4-7

Altars:

Annotations:
D:4 Menkaure


Message History

Menkaure points at you and mumbles some strange words.
Pain shoots through your body!
You hit Menkaure.
Menkaure is lightly damaged.
Menkaure closely misses you.
You hit Menkaure but do no damage.
Menkaure is lightly damaged.
Menkaure hits you!
You hit Menkaure.
Menkaure is lightly damaged.
Menkaure gestures at you while chanting.
Pain shoots through your body!
* * * LOW HITPOINT WARNING * * *
You hit Menkaure.
Menkaure is moderately damaged.
Menkaure hits you!
* * * LOW HITPOINT WARNING * * *
Menkaure gestures at you while chanting.
Pain shoots through your body!
You die...

###### #....## #.....##
########.<....##
####..>..@..M.....##
#........##........##
#........##.........#
#.........#######......
#.........###### ....#
#............... ...#
####.....######. ...
#.....######.# #.
###..........#


You could see Menkaure.

Vanquished Creatures
  A hound (D:4)
  Jessica (D:2)
  A worker ant (D:4)
  8 gnolls
  An adder (D:4)
  A worm (D:2)
  2 leopard geckos (D:3)
  7 orcs
  2 ball pythons
  3 giant cockroaches
  5 goblins
  4 hobgoblins
  4 jackals (D:2)
  6 kobolds
  2 quokkas (D:3)
  A frilled lizard (D:3)
  6 rats
55 creatures vanquished.

Notes
Turn   | Place    | Note
-------+----------+-------------------------------------------
     0 | D:1      | tester123 the Hill Orc Fighter began the quest for the Orb.
     0 | D:1      | Reached XP level 1. HP: 19/19 MP: 1/1
   480 | D:1      | Reached XP level 2. HP: 27/27 MP: 2/2
   603 | D:1      | Reached skill level 4 in Fighting
  1076 | D:2      | Noticed Jessica
  1079 | D:2      | Killed Jessica
  1079 | D:2      | Reached XP level 3. HP: 33/33 MP: 3/3
  1286 | D:2      | Reached XP level 4. HP: 39/40 MP: 4/4
  1564 | D:3      | Reached XP level 5. HP: 47/47 MP: 5/5
  1907 | D:4      | Reached skill level 1 in Dodging
  1919 | D:4      | Reached XP level 6. HP: 29/55 MP: 6/6
  1957 | D:5      | Entered Level 5 of the Dungeon
  1964 | D:5      | Reached skill level 5 in Fighting
  1977 | D:4      | Noticed Menkaure
  1993 | D:4      | Killed from afar by Menkaure

Skill      XL: |  1  2  3  4  5  6 |
---------------+-------------------+-----
Fighting       | 4 5 |  5.0
Shields        | 4 |  4.9
Short Blades   | 3 |  3.3
Dodging        | 1 |  1.0
Armour         | |  3.9

Action                   |  1- 3 |  4- 6 || total
-------------------------+-------+-------++-------
Melee: Rapier            |    87 |   153 ||   240
  Eat: Ration            |     2 |       ||     2
Armor: Scale mail        |    42 |    59 ||   101
Dodge: Dodged            |    21 |    45 ||    66
Block: Shield            |    42 |    67 ||   109
